 Dungeon Crawl Stone Soup version 0.29-a0-994-gc5c9f59d18 (webtiles) character file.

Game seed: 6509342115457770056

251 jlumianski the Chopper (level 5, 0/37 (41) HPs)
             Began as a Demonspawn Gladiator on Aug 4, 2022.
             Slain by an orc
             ... wielding a +0 flail
              (5 damage)
             ... on level 4 of the Dungeon.
             The game lasted 00:11:48 (3851 turns).

jlumianski the Chopper (Demonspawn Gladiator)       Turns: 3851, Time: 00:11:48

HP:   0/37 (41)     AC:  9    Str: 16      XL:     5   Next: 88%
MP:   5/5           EV: 10    Int: 11 (12) God:
Gold: 198           SH:  0    Dex: 14      Spells: 4/4 levels left

rFire   . . .      SeeInvis .   a - +1 war axe
rCold   + . .      Faith    .   (no shield)
rNeg    . . .      Spirit   .   r - +0 scale mail
rPois   .          Reflect  .   c - +0 helmet
rElec   .          Harm     .   (no cloak)
rCorr   .          Rampage  .   (no gloves)
Will    .....                   q - +1 pair of boots
Stlth   ..........              (no amulet)
HPRegen 0.12/turn               n - ring of protection from cold
MPRegen 0.09/turn               (no ring)

@: drained
A: claws 1, demonic guardian 1, big brain 1, condensation shield
a: no special abilities


You were on level 4 of the Dungeon.
You visited 1 branch of the dungeon, and saw 4 of its levels.

You collected 198 gold pieces.

Inventory:

Hand Weapons
 a - a +1 war axe (weapon)
Missiles
 d - 3 throwing nets (quivered)
 f - 44 stones
 o - 2 poisoned darts
Armour
 b - a +0 leather armour
 c - a +0 helmet (worn)
 q - a +1 pair of boots (worn)
 r - a +0 scale mail (worn)
Magical Staves
 h - a staff of conjuration
Jewellery
 n - a ring of protection from cold (left claw)
Scrolls
 g - a scroll of fear
Potions
 i - a potion of might
 j - a potion of magic
 l - 3 potions of curing
 s - a potion of cancellation


   Skills:
 + Level 3.3 Fighting
 + Level 4.5 Axes
 + Level 2.0 Throwing
 + Level 1.7 Armour
 + Level 3.3 Dodging
 + Level 0.2 Stealth


You had 4 spell levels left.
You didn't know any spells.
Your spell library contained the following spells:

 Spells                   Type           Power      Damage    Failure   Level
 Sting                    Tmut/Pois      0%         1d3       78%         1
 Ensorcelled Hibernation  Hex/Ice        0%         N/A       89%         2
 Passwall                 Tmut/Erth      0%         N/A       89%         2
 Poisonous Vapours        Pois/Air       0%         N/A       89%         2
 Dazzling Flash           Conj/Hex       0%         N/A       98%         3
 Gell's Gravitas          Tloc           0%         N/A       98%         3
 Swiftness                Air            0%         N/A       98%         3
 Teleport Other           Tloc           0%         N/A       98%         3
 Olgreb's Toxic Radiance  Pois           0%         N/A       100%        4
 Agony                    Necr           0%         N/A       100%        5
 Silence                  Hex/Air        0%         N/A       100%        5
 Dispersal                Tloc           0%         N/A       100%        6


Dungeon Overview and Level Annotations

Branches:
Dungeon (4/15)
 Temple: D:4-7

Altars:

Portals:
Abyss: D:4

Annotations:
D:4 1 transporter, Newt's ghost, novice OpBr


Innate Abilities, Weirdness & Mutations

You have sharp fingernails.
A weak demonic guardian rushes to your aid.
You have an unusually large brain. (Int +2)
A meltable shield of frost defends you. (SH +0)


Message History

You feel better.
The orc priest hits you but does no damage.
You feel drained.
You barely miss the orc priest.
The orc priest is heavily wounded.
The orc priest hits you with a +1 whip of draining.
You feel drained.
You barely miss the orc priest.
The orc priest is heavily wounded.
The orc priest invokes the aid of Beogh against you.
Beogh smites you!
* * * LOW HITPOINT WARNING * * *
A demonic guardian appears!
You swap places.
The orc priest attacks as you move away!
The orc priest hits you but does no damage.
You feel drained.
The orc priest hits your iron imp with a +1 whip of draining.
The orc priest hits your iron imp with a +1 whip of draining.
Your iron imp closely misses the orc priest.
Your iron imp hits the orc priest.
The orc priest hits your iron imp with a +1 whip of draining.
The orc priest hits your iron imp with a +1 whip of draining.
Your iron imp hits the orc priest but does no damage.
The orc priest looks satisfied for a moment.
Your iron imp hits the orc priest.
The orc priest dies!
You feel your intelligence returning.
The orc wizard shouts!
The orc wizard gestures at you while chanting.
The puff of flame hits you.
Your condensation shield dissipates!
* * * LOW HITPOINT WARNING * * *
A demonic guardian appears!
The orc shouts!
The orc wizard attacks as you move away!
The orc wizard closely misses you.
There is an open door here.
The orc hits you with a +0 flail.
You die...

########.#...w.##)#.......
.........#.....##.###.....
.........+.....##o# #.....
.........#.....##o# #.....
.........#.o...##w# ######
........5.........# #....#
.....###o#...###..###.....
.....###'#...# #..........
.........@...###.(........
####....o....+............
#.........###..........
...........# #...##.....
............# #.w.##.....
............# #...####...
.......#'#### #...# #...
...........# #...# #...
........###...# #...


You could see an orc wizard, 2 orcs and a friendly white imp (summoned).

Vanquished Creatures
  An ice beast (D:4)
  An adder (D:4)
  5 worms
  A dart slug (D:1)
  6 orcs
  5 bats
  7 endoplasms
  3 giant cockroaches
  9 goblins
  9 hobgoblins
  3 jackals
  A quokka (D:4)
  5 ball pythons
  A frilled lizard (D:2)
  8 kobolds
  5 rats
70 creatures vanquished.

Vanquished Creatures (collateral kills)
  An orc priest (D:4)
  An iguana (D:4)
2 creatures vanquished.

Vanquished Creatures (others)
  A fungus (D:1)
  4 plants (D:1)
5 creatures vanquished.

Grand Total: 77 creatures vanquished

Notes
Turn   | Place    | Note
-------+----------+-------------------------------------------
     0 | D:1      | jlumianski the Demonspawn Gladiator began the quest for the
                  | Orb.
     0 | D:1      | Reached XP level 1. HP: 16/16 MP: 1/1
    64 | D:1      | Gained mutation: A weak demonic guardian rushes to your
                  | aid. [demonic ancestry]
    64 | D:1      | Reached XP level 2. HP: 11/22 MP: 2/2
   114 | D:1      | Reached skill level 3 in Axes
   280 | D:1      | Found a faded altar of an unknown god.
   732 | D:1      | Gained mutation: You have an unusually large brain. (Int
                  | +2) [demonic ancestry]
   732 | D:1      | Reached XP level 3. HP: 27/28 MP: 3/3
  2510 | D:3      | Gained mutation: You have sharp fingernails. [demonic
                  | ancestry]
  2510 | D:3      | Reached XP level 4. HP: 32/34 MP: 4/4
  3179 | D:4      | Found a transporter.
  3181 | D:4      | Found a one-way gate to the infinite horrors of the Abyss.
  3181 | D:4      | Noticed Newt's ghost (novice OpBr)
  3211 | D:4      | Reached skill level 1 in Armour
  3588 | D:4      | Reached skill level 4 in Axes
  3803 | D:4      | Noticed an ice beast
  3826 | D:4      | Killed an ice beast
  3827 | D:4      | Gained mutation: A meltable shield of frost defends you.
                  | (SH +0) [demonic ancestry]
  3827 | D:4      | Reached XP level 5. HP: 16/41 MP: 5/5
  3851 | D:4      | Slain by an orc

Illustrated notes

Levels and vault maps discovered:
D:1:      saegor_arrival_simple_a, layout_basic, shapermc_ecumenical_altar_petra
D:2:      layout_basic, serial_glass, glass_columns_a, glass_columns_a
D:3:      layout_basic
D:4:      layout_basic, gammafunk_ghost_abyssal_escape, minivault_11

Skill      XL: |  1  2  3  4 |
---------------+-------------+-----
Axes           | 3 4 |  4.5
Dodging        | 3 |  3.3
Armour         | 1 |  1.7
Fighting       | 3 |  3.3
Throwing       | 2 |  2.0
Stealth        | |  0.2

Action                   |  1- 3 |  4- 6 || total
-------------------------+-------+-------++-------
Melee: War axe           |   157 |    68 ||   225
       Punch             |     2 |       ||     2
Throw: Dart              |     2 |       ||     2
       Javelin           |       |     1 ||     1
  Use: Scroll            |     6 |     1 ||     7
       Potion            |     1 |     5 ||     6
Armor: Leather armour    |    28 |       ||    28
       Scale mail        |    41 |    21 ||    62
Dodge: Dodged            |   102 |    37 ||   139

Table legend: (Time is in decaauts)
 A = Elapsed time spent in this place.
 B = Non-inter-level travel time spent in this place.
 C = Inter-level travel time spent in this place.
 D = Time resting spent in this place.
 E = Time spent auto-exploring this place.
 F = Levels seen in this place.
 G = Mean time per level.
                   A        B        C        D        E       F      G
               +--------+--------+--------+--------+--------+-----+--------+
         Total |   3929 |   3900 |     29 |    730 |   2026 |   4 |  982.2 |
       Dungeon |   3929 |   3900 |     29 |    730 |   2026 |   4 |  982.2 |
               +--------+--------+--------+--------+--------+-----+--------+

Top non-repeatable levels by time:
     D:2: 1426 daAuts
     D:1: 984 daAuts
     D:4: 915 daAuts
     D:3: 603 daAuts
